[ AOE2 MATCH · #466257458 ]
UnrankedPersians vs Portuguese
[ REPLAY ANALYSIS · EXTRACTED FROM THE RECORDED GAME ]
Feudal
—
Castle
4:24
Imperial
20:09
| APM avg | 36.4 |
| APM peak | 166 |
| eAPM avg | 21.9 |
| Villagers / military | 183 / 1119 |
Focus
⚔️ 47.2% · 🌾 52.8%
War Elephant ×484 · Scout Cavalry ×200 · Hand Cannoneer ×121 · Fire Galley ×89 · Mangonel ×62 · Knight ×55
Feudal
—
Castle
7:45
Imperial
30:30
| APM avg | 17.3 |
| APM peak | 55 |
| eAPM avg | 14.6 |
| Villagers / military | 209 / 469 |
Focus
⚔️ 44.2% · 🌾 55.8%
Bombard Cannon ×232 · Spearman ×152 · Trade Cart ×61 · Fire Galley ×34 · Hand Cannoneer ×12 · Demolition Raft ×10
Feudal
—
Castle
9:02
Imperial
24:22
| APM avg | 16.2 |
| APM peak | 41 |
| eAPM avg | 12.3 |
| Villagers / military | 229 / 740 |
Focus
⚔️ 42.6% · 🌾 57.4%
Knight ×690 · Bombard Cannon ×42 · Trade Cart ×40 · Fishing Ship ×39 · Trebuchet (Packed) ×5 · Transport Ship ×3
Feudal
—
Castle
5:27
Imperial
23:44
| APM avg | 16.8 |
| APM peak | 46 |
| eAPM avg | 12.8 |
| Villagers / military | 121 / 160 |
Focus
⚔️ 50.7% · 🌾 49.3%
Unknown (1959) ×544 · Unknown (1944) ×199 · Unknown (1962) ×71 · Battering Ram ×64 · Fire Galley ×60 · Trade Cart ×29
Feudal
—
Castle
7:17
Imperial
12:24
| APM avg | 7.3 |
| APM peak | 64 |
| eAPM avg | 4.7 |
| Villagers / military | 25 / 103 |
Focus
⚔️ 44.0% · 🌾 56.0%
Caravel ×54 · Spearman ×48 · Transport Ship ×1
Feudal
—
Castle
7:50
Imperial
20:05
| APM avg | 18.1 |
| APM peak | 56 |
| eAPM avg | 13.8 |
| Villagers / military | 132 / 1184 |
Focus
⚔️ 56.9% · 🌾 43.1%
Conquistador ×415 · Spearman ×401 · Knight ×174 · Fire Galley ×51 · Unknown (2626) ×45 · Galley ×44
Feudal
—
Castle
4:29
Imperial
19:32
| APM avg | 16.0 |
| APM peak | 55 |
| eAPM avg | 8.8 |
| Villagers / military | 155 / 312 |
Focus
⚔️ 31.4% · 🌾 68.6%
Galley ×158 · Spearman ×76 · Cannon Galleon ×62 · Transport Ship ×12 · Rattan Archer ×4 · Fishing Ship ×3
Feudal
—
Castle
4:33
Imperial
20:15
| APM avg | 26.6 |
| APM peak | 80 |
| eAPM avg | 17.1 |
| Villagers / military | 226 / 1086 |
Focus
⚔️ 35.9% · 🌾 64.1%
Ballista Elephant ×476 · Scout Cavalry ×467 · Knight ×95 · Battle Elephant ×25 · Trade Cart ×18 · Spearman ×8
Match map
Initial resources + every placement click. Lines = walls · curves = elevation contours. ◆ gold · ⬟ stone · ● berries · ✦ relic · ◌ wall gap
Your base· ✓ Map-separated
kizilviran's base· ✓ Map-separated
muhend1sbey's base· ✓ Map-separated
KABUSS's base· ✓ Map-separated
Gargamamelle's base· ✓ Map-separated
tuan4444's base· ✓ Map-separated
SuBZero's base· ✓ Map-separated
tim.gronquist's base· ✓ Map-separated
Smoothed initial terrain · ◌ = detected wall gap · hover for details
Inputs per minute
— 0014 - - kizilviran
Build order — 0014
First 150 of 795 actions detected
| 0:04 | Create | Villager (Male) |
| 0:04 | Create | Villager (Male) |
| 0:04 | Create | Villager (Male) |
| 0:19 | Build | Market |
| 0:53 | Create | Villager (Male) |
| 1:49 | Build | House |
| 1:52 | Create | Villager (Male) |
| 1:57 | Research | Castle Age |
| 2:08 | Research | Double-Bit Axe |
| 2:19 | Create | Villager (Male) |
| 2:23 | Build | House |
| 2:26 | Build | House |
| 3:24 | Build | Farm |
| 3:24 | Build | Farm |
| 3:25 | Research | Horse Collar |
| 3:47 | Build | House |
| 3:48 | Build | House |
| 4:16 | Create | Villager (Male) |
| 4:16 | Create | Villager (Male) |
| 4:24 | Age | Castle Age |
| 4:34 | Build | Town Center |
| 4:40 | Research | Bow Saw |
| 4:53 | Build | Monastery |
| 4:59 | Build | University |
| 5:01 | Create | Villager (Male) |
| 5:01 | Create | Villager (Male) |
| 5:18 | Build | Outpost |
| 5:26 | Create | Villager (Male) |
| 5:27 | Create | Villager (Male) |
| 5:27 | Create | Villager (Male) |
| 5:40 | Build | Town Center |
| 6:07 | Research | Heavy Plow |
| 6:08 | Create | Villager (Male) |
| 6:08 | Create | Villager (Male) |
| 6:12 | Create | Villager (Male) |
| 6:12 | Create | Villager (Male) |
| 6:50 | Create | Villager (Male) |
| 7:06 | Create | Villager (Male) |
| 7:06 | Create | Villager (Male) |
| 7:20 | Create | Monk |
| 7:35 | Create | Villager (Male) |
| 7:35 | Create | Villager (Male) |
| 7:38 | Create | Villager (Male) |
| 7:49 | Build | House |
| 7:51 | Build | House |
| 7:55 | Build | Outpost |
| 7:58 | Build | Outpost |
| 8:12 | Build | Farm |
| 8:12 | Build | Farm |
| 8:12 | Build | Farm |
| 8:13 | Build | Farm |
| 9:09 | Create | Villager (Male) |
| 9:09 | Create | Villager (Male) |
| 9:09 | Create | Villager (Male) |
| 9:09 | Create | Villager (Male) |
| 9:10 | Create | Villager (Male) |
| 9:10 | Create | Villager (Male) |
| 9:10 | Create | Villager (Male) |
| 9:10 | Create | Villager (Male) |
| 9:10 | Create | Villager (Male) |
| 9:28 | Build | Town Center |
| 10:32 | Create | Villager (Male) |
| 10:32 | Create | Villager (Male) |
| 10:33 | Create | Villager (Male) |
| 10:33 | Create | Villager (Male) |
| 10:33 | Create | Villager (Male) |
| 10:33 | Create | Villager (Male) |
| 10:33 | Create | Villager (Male) |
| 10:34 | Create | Villager (Male) |
| 10:41 | Build | Outpost |
| 10:46 | Build | House |
| 10:47 | Build | House |
| 10:48 | Build | House |
| 10:49 | Build | House |
| 10:54 | Create | Villager (Male) |
| 10:55 | Create | Villager (Male) |
| 10:55 | Create | Villager (Male) |
| 11:00 | Research | Caravan |
| 11:12 | Build | Mining Camp |
| 11:21 | Create | Villager (Male) |
| 11:21 | Create | Villager (Male) |
| 11:21 | Create | Villager (Male) |
| 11:30 | Create | Villager (Male) |
| 11:31 | Create | Villager (Male) |
| 11:41 | Build | Farm |
| 11:41 | Build | Farm |
| 11:41 | Build | Farm |
| 11:42 | Build | Farm |
| 11:43 | Create | Villager (Male) |
| 11:43 | Create | Villager (Male) |
| 11:43 | Create | Villager (Male) |
| 11:47 | Build | Farm |
| 12:00 | Build | Farm |
| 12:01 | Build | Farm |
| 12:01 | Build | Farm |
| 12:02 | Build | Farm |
| 12:04 | Create | Villager (Male) |
| 12:04 | Create | Villager (Male) |
| 12:06 | Build | Outpost |
| 12:08 | Build | Farm |
| 12:12 | Build | Farm |
| 12:14 | Create | Villager (Male) |
| 12:14 | Create | Villager (Male) |
| 12:14 | Create | Villager (Male) |
| 12:14 | Create | Villager (Male) |
| 12:20 | Create | Villager (Male) |
| 12:24 | Build | Farm |
| 12:24 | Build | Farm |
| 12:25 | Build | Farm |
| 12:25 | Build | Farm |
| 12:29 | Build | Farm |
| 12:30 | Build | Farm |
| 12:30 | Build | Farm |
| 12:30 | Build | Farm |
| 12:38 | Build | Farm |
| 12:41 | Build | Farm |
| 12:46 | Build | Outpost |
| 12:49 | Research | Town Watch |
| 12:59 | Build | Farm |
| 13:02 | Build | Farm |
| 13:04 | Build | Farm |
| 13:17 | Create | Villager (Male) |
| 13:18 | Create | Villager (Male) |
| 13:18 | Create | Villager (Male) |
| 13:18 | Create | Villager (Male) |
| 13:36 | Research | Wheelbarrow |
| 13:36 | Research | Wheelbarrow |
| 13:43 | Build | House |
| 13:44 | Build | House |
| 13:45 | Build | House |
| 13:48 | Build | Farm |
| 13:52 | Build | Outpost |
| 13:54 | Create | Villager (Male) |
| 13:55 | Create | Villager (Male) |
| 13:55 | Create | Villager (Male) |
| 13:55 | Create | Villager (Male) |
| 13:55 | Create | Villager (Male) |
| 14:21 | Build | Castle |
| 14:27 | Build | Farm |
| 14:51 | Build | Farm |
| 14:57 | Build | Outpost |
| 15:03 | Build | Outpost |
| 15:06 | Build | Outpost |
| 15:08 | Build | Outpost |
| 15:11 | Create | Villager (Male) |
| 15:11 | Create | Villager (Male) |
| 15:11 | Create | Villager (Male) |
| 15:12 | Research | Hand Cart |
| 15:14 | Research | Town Patrol |
| 15:17 | Create | Villager (Male) |
Build order — kizilviran
First 150 of 773 actions detected
| 3:10 | Create | Villager (Male) |
| 3:10 | Create | Villager (Male) |
| 3:10 | Create | Villager (Male) |
| 3:21 | Build | House |
| 3:21 | Build | House |
| 3:22 | Build | House |
| 3:22 | Build | House |
| 3:41 | Build | Market |
| 3:53 | Create | Villager (Male) |
| 4:43 | Build | House |
| 4:43 | Build | House |
| 4:43 | Build | House |
| 4:43 | Build | House |
| 4:44 | Build | House |
| 4:44 | Build | House |
| 4:44 | Build | House |
| 5:01 | Build | Mining Camp |
| 5:05 | Research | Castle Age |
| 5:07 | Research | Horse Collar |
| 5:11 | Research | Double-Bit Axe |
| 5:34 | Build | Stone Wall |
| 5:38 | Build | Gate |
| 5:56 | Build | Stone Wall |
| 6:24 | Build | Dock |
| 6:49 | Build | Dock |
| 6:59 | Build | Gate |
| 7:06 | Create | Trade Cart |
| 7:10 | Create | Trade Cart |
| 7:16 | Create | Spearman |
| 7:17 | Create | Spearman |
| 7:19 | Create | Spearman |
| 7:25 | Create | Spearman |
| 7:39 | Build | Dock |
| 7:45 | Age | Castle Age |
| 7:47 | Build | House |
| 7:58 | Build | Stone Wall |
| 8:17 | Create | Villager (Male) |
| 8:33 | Build | Town Center |
| 8:49 | Research | Caravan |
| 8:51 | Research | Coinage |
| 8:59 | Research | Pikeman (upgrade) |
| 9:00 | Research | Squires |
| 9:01 | Create | Villager (Male) |
| 9:08 | Build | Dock |
| 9:13 | Create | Fishing Ship |
| 9:13 | Create | Fishing Ship |
| 9:20 | Create | Villager (Male) |
| 9:28 | Build | Town Center |
| 9:35 | Create | Transport Ship |
| 9:40 | Build | Dock |
| 9:53 | Create | Villager (Male) |
| 9:53 | Create | Villager (Male) |
| 10:01 | Build | House |
| 10:17 | Research | Tech 906 |
| 10:36 | Build | House |
| 10:42 | Create | Villager (Male) |
| 10:43 | Create | Villager (Male) |
| 11:01 | Create | Villager (Male) |
| 11:09 | Create | Fishing Ship |
| 11:10 | Create | Fishing Ship |
| 11:24 | Build | Farm |
| 11:29 | Build | Farm |
| 11:43 | Build | Stone Wall |
| 11:48 | Build | Gate |
| 11:50 | Create | Villager (Male) |
| 11:50 | Create | Villager (Male) |
| 11:51 | Create | Villager (Male) |
| 12:07 | Create | Villager (Male) |
| 12:15 | Build | Town Center |
| 12:19 | Create | Villager (Male) |
| 12:48 | Build | Stable |
| 12:52 | Create | Villager (Male) |
| 12:52 | Create | Villager (Male) |
| 13:01 | Create | Villager (Male) |
| 13:03 | Create | Villager (Male) |
| 13:30 | Create | Scout Cavalry |
| 13:39 | Create | Villager (Male) |
| 13:41 | Create | Villager (Male) |
| 13:55 | Build | University |
| 13:57 | Build | Monastery |
| 14:07 | Build | Farm |
| 14:08 | Build | Farm |
| 14:09 | Build | Farm |
| 14:10 | Build | Farm |
| 14:14 | Create | Villager (Male) |
| 14:15 | Create | Villager (Male) |
| 14:25 | Create | Villager (Male) |
| 14:42 | Build | Stone Wall |
| 14:45 | Build | Gate |
| 14:51 | Create | Villager (Male) |
| 14:58 | Create | Knight |
| 15:15 | Build | Farm |
| 15:15 | Build | Farm |
| 15:16 | Build | Farm |
| 15:22 | Build | Farm |
| 15:23 | Build | Farm |
| 15:24 | Build | Farm |
| 15:28 | Create | Villager (Male) ×3 |
| 15:28 | Create | Villager (Male) ×3 |
| 15:35 | Create | Villager (Male) |
| 15:37 | Create | Villager (Male) |
| 15:43 | Create | Monk |
| 15:45 | Research | Fervor |
| 15:58 | Build | Town Center |
| 16:03 | Create | Villager (Male) |
| 16:07 | Create | Villager (Male) |
| 16:17 | Build | Farm |
| 16:21 | Build | Farm |
| 16:21 | Build | Farm |
| 16:24 | Create | Villager (Male) |
| 16:24 | Create | Villager (Male) |
| 16:25 | Create | Villager (Male) |
| 16:25 | Create | Villager (Male) |
| 16:45 | Create | Monk |
| 16:46 | Create | Villager (Male) |
| 16:47 | Create | Villager (Male) |
| 16:48 | Create | Villager (Male) |
| 17:02 | Create | Villager (Male) |
| 17:06 | Create | Fishing Ship |
| 17:06 | Create | Fishing Ship |
| 17:11 | Research | Gillnets |
| 17:28 | Build | Lumber Camp |
| 17:31 | Research | Town Watch |
| 17:32 | Create | Villager (Male) |
| 17:44 | Build | Farm |
| 17:45 | Build | Farm |
| 17:45 | Build | Farm |
| 17:46 | Build | Farm |
| 17:49 | Create | Villager (Male) |
| 17:50 | Create | Villager (Male) |
| 17:50 | Create | Villager (Male) |
| 18:03 | Create | Monk |
| 18:07 | Create | Villager (Male) |
| 18:07 | Create | Villager (Male) |
| 18:08 | Create | Villager (Male) |
| 18:11 | Create | Trade Cart |
| 18:12 | Create | Trade Cart |
| 18:21 | Research | Treadmill Crane |
| 18:24 | Create | Villager (Male) |
| 18:25 | Create | Villager (Male) |
| 18:25 | Create | Villager (Male) |
| 18:36 | Create | Villager (Male) |
| 18:36 | Create | Villager (Male) |
| 18:51 | Research | Bow Saw |
| 19:09 | Create | Monk |
| 19:30 | Research | Murder Holes |
| 19:31 | Research | Ballistics |
| 19:33 | Research | Fortified Wall (upgrade) |
| 19:47 | Create | Villager (Male) |
| 19:48 | Create | Villager (Male) |
Build order — muhend1sbey
First 150 of 701 actions detected
| 0:05 | Create | Villager (Male) ×5 |
| 0:05 | Create | Villager (Male) ×5 |
| 0:05 | Create | Villager (Male) ×5 |
| 0:27 | Build | Market |
| 0:41 | Build | House |
| 0:41 | Build | House |
| 0:42 | Build | House |
| 0:42 | Build | House |
| 0:42 | Build | House |
| 0:42 | Build | House |
| 0:43 | Build | House |
| 0:43 | Build | House |
| 0:44 | Build | House |
| 1:08 | Research | Double-Bit Axe |
| 1:52 | Create | Trade Cart ×2 |
| 2:06 | Build | Mining Camp |
| 2:14 | Research | Wheelbarrow |
| 2:14 | Research | Wheelbarrow |
| 2:26 | Build | Mill |
| 2:44 | Build | Dock |
| 2:56 | Create | Trade Cart ×2 |
| 3:07 | Build | Farm |
| 3:16 | Build | Farm |
| 3:16 | Build | Farm |
| 3:17 | Build | Farm |
| 3:17 | Build | Farm |
| 3:17 | Build | Farm |
| 3:18 | Build | Farm |
| 3:37 | Create | Transport Ship |
| 3:39 | Create | Fishing Ship |
| 4:44 | Research | Tech 906 |
| 4:45 | Create | Fishing Ship ×2 |
| 5:08 | Research | Castle Age |
| 5:10 | Create | Villager (Male) |
| 5:23 | Build | Farm |
| 5:28 | Research | Horse Collar |
| 5:44 | Research | Stone Mining |
| 5:50 | Research | Gold Mining |
| 6:00 | Build | House |
| 6:01 | Build | House |
| 6:01 | Build | House |
| 6:01 | Build | House |
| 6:02 | Build | House |
| 6:02 | Build | House |
| 6:02 | Build | House |
| 6:03 | Build | House |
| 6:03 | Build | House |
| 6:04 | Build | House |
| 6:04 | Build | House |
| 6:04 | Build | House |
| 6:05 | Build | House |
| 6:05 | Build | House |
| 6:39 | Create | Fishing Ship ×2 |
| 7:21 | Build | Mining Camp |
| 7:28 | Build | Farm |
| 7:53 | Create | Villager (Male) ×5 |
| 7:53 | Create | Villager (Male) ×5 |
| 8:03 | Research | Scale Barding Armor |
| 8:04 | Research | Scale Mail Armor |
| 8:12 | Research | Padded Archer Armor |
| 8:21 | Create | Trade Cart ×4 |
| 8:27 | Create | Trade Cart |
| 8:28 | Create | Trade Cart |
| 8:35 | Create | Trade Cart |
| 9:00 | Build | Dock |
| 9:02 | Age | Castle Age |
| 9:53 | Build | Town Center |
| 10:03 | Create | Villager (Male) |
| 10:10 | Build | House |
| 10:15 | Build | House |
| 11:02 | Create | Villager (Male) ×5 |
| 11:03 | Research | Hand Cart |
| 11:04 | Create | Villager (Male) ×5 |
| 11:04 | Create | Villager (Male) ×4 |
| 11:55 | Build | Town Center |
| 12:13 | Create | Villager (Male) ×2 |
| 12:17 | Create | Villager (Male) ×5 |
| 12:17 | Create | Villager (Male) ×5 |
| 12:27 | Build | House |
| 12:27 | Build | House |
| 12:27 | Build | House |
| 12:27 | Build | House |
| 12:28 | Build | House |
| 12:28 | Build | House |
| 12:28 | Build | House |
| 12:29 | Build | House |
| 12:29 | Build | House |
| 12:29 | Build | House |
| 12:30 | Build | House |
| 12:30 | Build | House |
| 12:31 | Build | House |
| 12:31 | Build | House |
| 12:31 | Build | House |
| 12:32 | Build | House |
| 12:32 | Build | House |
| 12:42 | Build | Mining Camp |
| 12:51 | Create | Trade Cart |
| 12:51 | Create | Trade Cart |
| 12:53 | Research | Caravan |
| 13:16 | Build | Mining Camp |
| 13:31 | Build | Dock |
| 13:48 | Research | Bow Saw |
| 13:58 | Create | Villager (Male) ×5 |
| 14:02 | Create | Villager (Male) |
| 14:21 | Build | Farm |
| 14:21 | Build | Farm |
| 14:22 | Build | Farm |
| 14:22 | Build | Farm |
| 14:22 | Build | Farm |
| 14:23 | Build | Farm |
| 14:23 | Build | Farm |
| 14:23 | Build | Farm |
| 14:23 | Build | Farm |
| 14:24 | Build | Farm |
| 14:24 | Build | Farm |
| 14:25 | Build | Farm |
| 14:25 | Build | Farm |
| 14:25 | Build | Farm |
| 14:25 | Build | Farm |
| 14:26 | Build | Farm |
| 14:26 | Build | Farm |
| 14:45 | Build | Farm |
| 14:46 | Build | Farm |
| 14:46 | Build | Farm |
| 14:46 | Build | Farm |
| 14:47 | Build | Farm |
| 14:47 | Build | Farm |
| 14:48 | Build | Farm |
| 15:00 | Research | Coinage |
| 15:09 | Create | Fishing Ship |
| 15:09 | Create | Fishing Ship |
| 15:16 | Create | Fishing Ship |
| 15:53 | Build | Town Center |
| 16:04 | Create | Villager (Male) ×5 |
| 16:08 | Create | Villager (Male) ×5 |
| 16:09 | Create | Villager (Male) ×3 |
| 16:18 | Build | Farm |
| 16:19 | Build | Farm |
| 16:19 | Build | Farm |
| 16:19 | Build | Farm |
| 16:20 | Build | Farm |
| 16:20 | Build | Farm |
| 16:21 | Build | Farm |
| 16:21 | Build | Farm |
| 16:21 | Build | Farm |
| 16:22 | Build | Farm |
| 16:22 | Build | Farm |
| 16:23 | Build | Farm |
| 16:23 | Build | Farm |
| 16:23 | Build | Farm |
Build order — KABUSS
First 150 of 771 actions detected
| 0:10 | Create | Villager (Male) |
| 0:11 | Create | Villager (Male) |
| 0:11 | Create | Villager (Male) |
| 0:11 | Create | Villager (Male) |
| 0:12 | Create | Villager (Male) |
| 0:24 | Build | Dock |
| 0:42 | Build | House |
| 0:43 | Build | House |
| 0:45 | Build | House |
| 0:46 | Build | House |
| 0:57 | Build | Market |
| 1:12 | Build | Stable |
| 1:23 | Create | Fishing Ship |
| 1:24 | Create | Fishing Ship |
| 1:32 | Build | Mining Camp |
| 2:22 | Create | Villager (Male) |
| 2:40 | Research | Castle Age |
| 2:51 | Research | Double-Bit Axe |
| 3:25 | Create | Trade Cart |
| 3:33 | Research | Horse Collar |
| 3:40 | Create | Scout Cavalry |
| 3:59 | Create | Villager (Male) |
| 3:59 | Create | Villager (Male) |
| 4:06 | Research | Gold Mining |
| 4:19 | Create | Trade Cart |
| 4:35 | Research | Fletching |
| 5:10 | Research | Town Watch |
| 5:13 | Create | Trade Cart |
| 5:27 | Age | Castle Age |
| 5:36 | Build | Town Center |
| 6:02 | Build | Dock |
| 6:19 | Create | Villager (Male) |
| 6:19 | Create | Villager (Male) |
| 6:20 | Create | Villager (Male) |
| 6:29 | Build | Farm |
| 6:33 | Research | Wheelbarrow |
| 6:34 | Create | Villager (Male) |
| 6:35 | Create | Villager (Male) |
| 6:48 | Create | Trade Cart |
| 6:56 | Create | Villager (Male) |
| 6:56 | Create | Villager (Male) |
| 6:56 | Create | Villager (Male) |
| 6:57 | Create | Villager (Male) |
| 6:57 | Create | Villager (Male) |
| 7:22 | Build | Farm |
| 7:29 | Research | War Galley (upgrade) |
| 7:30 | Research | Tech 906 |
| 7:35 | Create | Villager (Male) |
| 7:46 | Build | Farm |
| 7:52 | Research | Heavy Plow |
| 8:02 | Create | Villager (Male) |
| 8:13 | Build | House |
| 8:14 | Build | House |
| 8:15 | Build | House |
| 8:16 | Build | House |
| 8:17 | Build | House |
| 8:21 | Build | House |
| 8:23 | Build | House |
| 8:24 | Build | House |
| 8:25 | Build | House |
| 8:36 | Build | Farm |
| 9:05 | Build | Farm |
| 9:27 | Create | Trade Cog |
| 9:36 | Build | Dock |
| 9:48 | Build | Town Center |
| 9:58 | Create | Trade Cart |
| 10:07 | Create | Villager (Male) |
| 10:09 | Research | Bow Saw |
| 10:31 | Create | Fire Galley |
| 10:31 | Create | Fire Galley |
| 10:37 | Create | Transport Ship |
| 10:47 | Build | Dock |
| 11:05 | Build | Farm |
| 11:07 | Research | Hand Cart |
| 11:08 | Create | Villager (Male) |
| 11:09 | Create | Villager (Male) |
| 11:09 | Create | Villager (Male) |
| 11:14 | Build | Mining Camp |
| 11:38 | Research | Gillnets |
| 11:41 | Create | Fire Galley |
| 11:41 | Create | Fire Galley |
| 11:51 | Build | Town Center |
| 12:02 | Research | Town Patrol |
| 12:06 | Create | Trade Cart |
| 12:17 | Build | Farm |
| 12:19 | Build | Farm |
| 12:20 | Build | Farm |
| 12:22 | Build | Farm |
| 12:24 | Build | Farm |
| 12:25 | Build | Farm |
| 12:26 | Build | Farm |
| 12:27 | Build | Farm |
| 12:29 | Build | Farm |
| 12:36 | Create | Villager (Male) |
| 12:36 | Create | Villager (Male) |
| 12:36 | Create | Villager (Male) |
| 12:46 | Build | Farm |
| 12:48 | Build | Farm |
| 12:52 | Build | Farm |
| 12:53 | Build | Farm |
| 12:57 | Create | Villager (Male) |
| 12:58 | Create | Villager (Male) |
| 13:05 | Build | House |
| 13:06 | Build | House |
| 13:20 | Create | Villager (Male) |
| 13:20 | Create | Villager (Male) |
| 13:40 | Create | Villager (Male) |
| 13:40 | Create | Villager (Male) |
| 13:53 | Create | Villager (Male) |
| 13:53 | Create | Villager (Male) |
| 13:58 | Create | Villager (Male) |
| 14:03 | Research | Stone Mining |
| 14:04 | Research | Gold Shaft Mining |
| 14:40 | Create | Demolition Raft |
| 14:45 | Create | Fire Galley |
| 14:45 | Create | Fire Galley |
| 14:45 | Create | Fire Galley |
| 15:01 | Build | Mining Camp |
| 15:06 | Create | Villager (Male) |
| 15:06 | Create | Villager (Male) |
| 15:06 | Create | Villager (Male) |
| 15:06 | Create | Villager (Male) |
| 15:07 | Create | Villager (Male) |
| 15:07 | Create | Villager (Male) |
| 15:15 | Build | House |
| 15:16 | Build | House |
| 15:18 | Build | House |
| 15:19 | Build | House |
| 15:21 | Build | House |
| 15:22 | Build | House |
| 15:27 | Create | Villager (Male) |
| 15:27 | Create | Villager (Male) |
| 15:27 | Create | Villager (Male) |
| 15:28 | Create | Villager (Male) |
| 15:28 | Create | Villager (Male) |
| 15:39 | Build | Town Center |
| 15:45 | Create | Villager (Male) |
| 15:45 | Create | Villager (Male) |
| 15:46 | Create | Villager (Male) |
| 15:54 | Research | Caravan |
| 15:54 | Research | Coinage |
| 15:55 | Create | Trade Cart |
| 16:06 | Build | Monastery |
| 16:07 | Build | Monastery |
| 16:17 | Build | Farm |
| 16:28 | Build | Mining Camp |
| 16:33 | Create | Villager (Male) |
| 16:49 | Build | Lumber Camp |
| 16:58 | Build | Lumber Camp |
| 17:07 | Create | Monk |
Build order — Gargamamelle
First 150 of 327 actions detected
| 0:00 | Create | Villager (Male) |
| 0:01 | Create | Villager (Male) |
| 0:01 | Create | Villager (Male) |
| 0:02 | Create | Villager (Male) |
| 0:03 | Create | Villager (Male) |
| 0:51 | Create | Villager (Male) |
| 0:52 | Create | Villager (Male) |
| 1:20 | Build | Mill |
| 1:32 | Build | Mining Camp |
| 1:40 | Build | House |
| 1:41 | Build | House |
| 1:42 | Build | House |
| 1:43 | Build | House |
| 2:18 | Research | Stone Mining |
| 2:19 | Research | Gold Mining |
| 2:53 | Create | Villager (Male) |
| 2:54 | Create | Villager (Male) |
| 3:44 | Build | Market |
| 3:59 | Build | House |
| 4:00 | Build | House |
| 4:01 | Build | House |
| 4:01 | Build | House |
| 4:02 | Build | House |
| 4:03 | Build | House |
| 4:03 | Build | House |
| 4:04 | Build | House |
| 4:37 | Research | Castle Age |
| 4:37 | Research | Castle Age |
| 4:48 | Research | Wheelbarrow |
| 4:49 | Research | Town Watch |
| 5:54 | Build | Dock |
| 6:03 | Build | Dock |
| 6:05 | Build | Dock |
| 6:08 | Build | Mining Camp |
| 6:27 | Research | Horse Collar |
| 6:28 | Research | Double-Bit Axe |
| 6:42 | Build | Farm |
| 6:45 | Build | Farm |
| 6:48 | Build | Farm |
| 6:51 | Build | Farm |
| 7:17 | Age | Castle Age |
| 7:46 | Build | Monastery |
| 8:24 | Build | University |
| 9:14 | Research | Imperial Age |
| 9:31 | Build | House |
| 9:33 | Build | House |
| 9:36 | Build | House |
| 9:38 | Build | House |
| 9:39 | Build | House |
| 9:41 | Build | House |
| 9:47 | Build | House |
| 10:07 | Research | War Galley (upgrade) |
| 10:34 | Build | House |
| 11:04 | Create | Villager (Male) |
| 11:04 | Create | Villager (Male) |
| 11:05 | Create | Villager (Male) |
| 11:05 | Create | Villager (Male) |
| 11:05 | Create | Villager (Male) |
| 11:11 | Build | House |
| 11:13 | Build | House |
| 11:14 | Build | House |
| 11:14 | Build | House |
| 11:15 | Build | House |
| 11:16 | Build | House |
| 11:17 | Build | House |
| 11:18 | Build | House |
| 11:18 | Build | House |
| 11:35 | Build | Mining Camp |
| 12:24 | Age | Imperial Age |
| 12:29 | Build | Feitoria |
| 12:37 | Build | Feitoria |
| 12:44 | Create | Villager (Male) |
| 12:45 | Create | Villager (Male) |
| 13:29 | Research | Stone Shaft Mining |
| 13:58 | Build | Feitoria |
| 14:06 | Create | Villager (Male) |
| 14:14 | Build | House |
| 14:14 | Build | House |
| 14:15 | Build | House |
| 14:16 | Build | House |
| 14:17 | Build | House |
| 14:18 | Build | House |
| 14:19 | Build | House |
| 14:23 | Build | House |
| 14:23 | Build | House |
| 14:25 | Build | House |
| 14:26 | Build | House |
| 14:28 | Build | House |
| 14:28 | Build | House |
| 14:29 | Build | House |
| 14:30 | Build | House |
| 14:32 | Build | House |
| 14:39 | Build | Dock |
| 14:52 | Research | Bow Saw |
| 15:15 | Build | Feitoria |
| 15:24 | Build | Dock |
| 15:28 | Build | Dock |
| 15:37 | Create | Villager (Male) |
| 15:38 | Create | Villager (Male) |
| 15:38 | Create | Villager (Male) |
| 15:38 | Create | Villager (Male) |
| 16:16 | Build | Feitoria |
| 16:38 | Build | Dock |
| 16:41 | Build | Dock |
| 16:59 | Research | Careening |
| 17:03 | Research | Chemistry |
| 17:24 | Create | Villager (Male) |
| 17:24 | Create | Villager (Male) |
| 17:25 | Create | Villager (Male) |
| 17:35 | Build | Mining Camp |
| 17:41 | Create | Villager (Male) |
| 17:56 | Build | Feitoria |
| 18:05 | Build | Dock |
| 18:47 | Build | Dock |
| 18:58 | Build | Feitoria |
| 19:16 | Research | Hand Cart |
| 19:16 | Research | Town Patrol |
| 19:30 | Build | Dock |
| 19:34 | Research | Elite Caravel (upgrade) |
| 20:01 | Build | Feitoria |
| 20:34 | Build | House |
| 20:35 | Build | House |
| 20:37 | Build | House |
| 20:37 | Build | House |
| 20:38 | Build | House |
| 20:39 | Build | House |
| 20:39 | Build | House |
| 20:40 | Build | House |
| 20:41 | Build | House |
| 20:55 | Research | Dry Dock |
| 20:57 | Research | Tech 908 |
| 21:03 | Research | Tech 909 |
| 21:04 | Research | Ballistics |
| 21:17 | Research | Treadmill Crane |
| 21:31 | Build | Mining Camp |
| 21:45 | Build | Mining Camp |
| 22:03 | Build | Feitoria |
| 22:16 | Research | Bombard Tower (upgrade) |
| 22:30 | Build | Castle |
| 22:43 | Build | Lumber Camp |
| 22:44 | Build | Lumber Camp |
| 23:06 | Research | Galleon (upgrade) |
| 23:22 | Build | Mining Camp |
| 23:32 | Build | House |
| 23:33 | Build | House |
| 23:34 | Build | House |
| 23:46 | Build | Mining Camp |
| 24:06 | Create | Transport Ship |
| 24:19 | Research | Elite Cannon Galleon (upgrade) |
| 24:30 | Research | Murder Holes |
Build order — tuan4444
First 150 of 823 actions detected
| 0:04 | Create | Villager (Male) |
| 0:04 | Create | Villager (Male) |
| 0:09 | Research | Double-Bit Axe |
| 0:12 | Research | Gold Mining |
| 0:16 | Research | Horse Collar |
| 0:23 | Build | House |
| 0:24 | Build | House |
| 0:25 | Build | House |
| 0:27 | Build | House |
| 0:53 | Build | Farm |
| 1:15 | Build | Market |
| 1:20 | Research | Wheelbarrow |
| 1:21 | Research | Town Watch |
| 1:22 | Create | Villager (Male) |
| 1:22 | Create | Villager (Male) |
| 1:23 | Create | Villager (Male) |
| 1:23 | Create | Villager (Male) |
| 1:23 | Create | Villager (Male) |
| 2:35 | Build | House |
| 2:37 | Build | House |
| 2:40 | Build | House |
| 3:19 | Build | Farm |
| 3:28 | Build | Farm |
| 3:42 | Build | Dock |
| 4:21 | Research | Tech 906 |
| 4:22 | Create | Fishing Ship |
| 4:23 | Create | Fishing Ship |
| 4:24 | Create | Fishing Ship |
| 4:24 | Create | Fishing Ship |
| 4:24 | Create | Fishing Ship |
| 4:29 | Create | Fishing Ship |
| 4:39 | Create | Villager (Male) |
| 4:55 | Research | Castle Age |
| 5:32 | Create | Villager (Male) |
| 5:33 | Create | Villager (Male) |
| 5:33 | Create | Villager (Male) |
| 5:41 | Research | Stone Mining |
| 5:52 | Build | Farm |
| 5:55 | Build | Farm |
| 6:03 | Build | Farm |
| 6:10 | Create | Fishing Ship |
| 6:10 | Create | Fishing Ship |
| 6:50 | Build | Farm |
| 7:21 | Create | Fishing Ship |
| 7:21 | Create | Fishing Ship |
| 7:50 | Age | Castle Age |
| 7:51 | Research | Bow Saw |
| 7:54 | Research | Heavy Plow |
| 7:59 | Build | Town Center |
| 8:04 | Build | Monastery |
| 8:23 | Build | Dock |
| 8:33 | Create | Monk |
| 8:36 | Create | Monk |
| 8:37 | Research | Fervor |
| 8:43 | Research | Caravan |
| 8:47 | Research | Stone Shaft Mining |
| 8:51 | Research | Hand Cart |
| 8:53 | Create | Villager (Male) |
| 8:54 | Create | Villager (Male) |
| 9:02 | Research | Gillnets |
| 9:09 | Create | Villager (Male) |
| 9:09 | Create | Villager (Male) |
| 9:10 | Create | Villager (Male) |
| 9:10 | Create | Villager (Male) |
| 9:11 | Create | Villager (Male) |
| 9:11 | Create | Villager (Male) |
| 9:28 | Build | Farm |
| 9:30 | Build | Farm |
| 9:58 | Create | Fishing Ship |
| 9:59 | Create | Fishing Ship |
| 10:06 | Create | Villager (Male) |
| 10:06 | Create | Villager (Male) |
| 10:07 | Create | Villager (Male) |
| 10:07 | Create | Villager (Male) |
| 10:17 | Create | Villager (Male) |
| 10:32 | Build | Town Center |
| 10:45 | Build | House |
| 10:46 | Build | House |
| 10:47 | Build | House |
| 10:48 | Build | House |
| 10:50 | Build | House |
| 10:51 | Build | House |
| 10:53 | Build | House |
| 10:54 | Build | House |
| 11:33 | Create | Villager (Male) |
| 11:33 | Create | Villager (Male) |
| 11:34 | Create | Villager (Male) |
| 11:34 | Create | Villager (Male) |
| 11:34 | Create | Villager (Male) |
| 11:35 | Create | Villager (Male) |
| 11:35 | Create | Villager (Male) |
| 11:36 | Create | Villager (Male) |
| 11:36 | Create | Villager (Male) |
| 11:43 | Create | Villager (Male) |
| 11:43 | Create | Villager (Male) |
| 11:44 | Create | Villager (Male) |
| 11:44 | Create | Villager (Male) |
| 11:44 | Create | Villager (Male) |
| 12:05 | Create | Villager (Male) |
| 12:06 | Create | Villager (Male) |
| 12:06 | Create | Villager (Male) |
| 12:07 | Create | Villager (Male) |
| 12:07 | Create | Villager (Male) |
| 12:07 | Create | Villager (Male) |
| 12:07 | Create | Villager (Male) |
| 12:08 | Create | Villager (Male) |
| 12:11 | Create | Villager (Male) |
| 12:21 | Create | Fishing Ship |
| 12:29 | Create | Fishing Ship |
| 12:30 | Create | Fishing Ship |
| 12:40 | Create | Villager (Male) |
| 12:40 | Create | Villager (Male) |
| 13:29 | Build | Mining Camp |
| 13:33 | Build | Dock |
| 13:37 | Build | House |
| 14:01 | Build | Fish Trap |
| 14:02 | Build | Fish Trap |
| 14:05 | Build | Fish Trap |
| 14:08 | Build | Fish Trap |
| 14:12 | Create | Trade Cog |
| 14:13 | Create | Trade Cog |
| 14:13 | Create | Trade Cog |
| 14:14 | Create | Trade Cog |
| 14:44 | Create | Trade Cog |
| 14:44 | Create | Trade Cog |
| 14:45 | Create | Trade Cog |
| 14:45 | Create | Trade Cog |
| 14:45 | Create | Trade Cog |
| 14:46 | Create | Trade Cog ×3 |
| 14:53 | Create | Villager (Male) |
| 14:53 | Create | Villager (Male) |
| 14:54 | Create | Villager (Male) |
| 14:54 | Create | Villager (Male) |
| 14:54 | Create | Villager (Male) |
| 14:55 | Create | Villager (Male) |
| 14:56 | Create | Villager (Male) |
| 14:56 | Create | Villager (Male) |
| 14:56 | Create | Villager (Male) |
| 14:57 | Create | Villager (Male) |
| 14:57 | Create | Villager (Male) |
| 14:57 | Create | Villager (Male) |
| 14:58 | Create | Villager (Male) |
| 14:58 | Create | Villager (Male) |
| 14:59 | Create | Villager (Male) |
| 14:59 | Create | Villager (Male) |
| 14:59 | Create | Villager (Male) |
| 15:05 | Build | House |
| 15:06 | Build | House |
| 15:08 | Build | House |
| 15:09 | Build | House |
Build order — SuBZero
First 150 of 532 actions detected
| 0:18 | Build | Farm |
| 0:18 | Build | Farm |
| 0:19 | Build | Farm |
| 0:19 | Build | Farm |
| 0:19 | Build | Farm |
| 0:20 | Build | Farm |
| 0:20 | Build | Farm |
| 0:29 | Create | Villager (Male) |
| 0:39 | Create | Villager (Male) |
| 0:55 | Build | Market |
| 1:01 | Build | House |
| 1:11 | Build | House |
| 1:13 | Build | House |
| 1:14 | Build | House |
| 1:18 | Build | House |
| 1:25 | Build | Farm |
| 1:25 | Build | Farm |
| 1:49 | Research | Castle Age |
| 1:52 | Create | Villager (Male) |
| 1:52 | Create | Villager (Male) |
| 2:20 | Research | Double-Bit Axe |
| 2:26 | Research | Horse Collar |
| 2:26 | Research | Horse Collar |
| 4:29 | Age | Castle Age |
| 4:35 | Build | Town Center |
| 4:50 | Create | Villager (Male) |
| 5:28 | Build | Town Center |
| 5:33 | Create | Villager (Male) |
| 5:47 | Research | Stone Mining |
| 5:48 | Research | Gold Mining |
| 5:48 | Research | Gold Mining |
| 5:58 | Research | Bow Saw |
| 6:05 | Create | Villager (Male) |
| 6:48 | Build | Town Center |
| 6:51 | Create | Villager (Male) |
| 6:51 | Create | Villager (Male) |
| 6:51 | Create | Villager (Male) |
| 7:10 | Build | Dock |
| 7:19 | Build | Dock |
| 7:20 | Create | Villager (Male) |
| 7:20 | Create | Villager (Male) |
| 7:29 | Create | Villager (Male) |
| 7:32 | Build | Farm |
| 7:34 | Create | Villager (Male) |
| 7:36 | Create | Villager (Male) |
| 7:50 | Create | Villager (Male) |
| 7:52 | Create | Villager (Male) |
| 7:52 | Create | Villager (Male) |
| 7:54 | Build | Farm |
| 7:54 | Build | Farm |
| 8:10 | Research | Tech 906 |
| 8:12 | Create | Fishing Ship |
| 8:19 | Create | Villager (Male) |
| 8:33 | Build | Dock |
| 8:36 | Create | Villager (Male) |
| 8:36 | Create | Villager (Male) |
| 8:47 | Create | Villager (Male) |
| 8:47 | Create | Villager (Male) |
| 8:48 | Create | Villager (Male) |
| 8:57 | Create | Fishing Ship |
| 9:03 | Create | Villager (Male) |
| 9:10 | Build | House |
| 9:12 | Build | House |
| 9:14 | Build | House |
| 9:16 | Build | House |
| 9:19 | Build | House |
| 9:22 | Create | Villager (Male) |
| 9:23 | Create | Villager (Male) |
| 9:25 | Create | Villager (Male) |
| 9:25 | Create | Villager (Male) |
| 9:30 | Build | House |
| 9:32 | Build | House |
| 9:33 | Build | House |
| 9:35 | Create | Villager (Male) |
| 9:50 | Build | Mill |
| 9:51 | Build | Farm |
| 9:51 | Build | Farm |
| 9:51 | Build | Farm |
| 9:51 | Build | Farm |
| 9:53 | Build | Farm |
| 9:56 | Create | Villager (Male) |
| 9:56 | Create | Villager (Male) |
| 9:57 | Create | Villager (Male) |
| 10:02 | Create | Villager (Male) |
| 10:16 | Research | Heavy Plow |
| 10:16 | Research | Heavy Plow |
| 10:21 | Build | Lumber Camp |
| 10:23 | Create | Villager (Male) |
| 10:23 | Create | Villager (Male) |
| 10:27 | Create | Villager (Male) |
| 10:27 | Create | Villager (Male) |
| 10:36 | Build | Farm |
| 10:56 | Create | Villager (Male) |
| 10:57 | Create | Villager (Male) |
| 10:58 | Build | Farm |
| 10:58 | Build | Farm |
| 11:00 | Create | Villager (Male) |
| 11:00 | Create | Villager (Male) |
| 11:05 | Build | Farm |
| 11:06 | Create | Villager (Male) |
| 11:06 | Create | Villager (Male) |
| 11:07 | Create | Villager (Male) |
| 11:19 | Build | Dock |
| 11:24 | Research | Gillnets |
| 11:31 | Create | Villager (Male) |
| 11:31 | Create | Villager (Male) |
| 11:32 | Create | Villager (Male) |
| 11:36 | Create | Villager (Male) |
| 11:36 | Create | Villager (Male) |
| 11:36 | Create | Villager (Male) |
| 11:41 | Build | Farm |
| 11:41 | Build | Farm |
| 11:42 | Build | Farm |
| 11:42 | Build | Farm |
| 11:46 | Build | Farm |
| 11:49 | Create | Villager (Male) |
| 11:50 | Create | Villager (Male) |
| 11:52 | Build | House |
| 11:54 | Build | House |
| 11:54 | Build | House |
| 11:54 | Build | House |
| 11:57 | Build | House |
| 11:57 | Build | House |
| 11:58 | Build | House |
| 11:58 | Build | House |
| 11:58 | Build | House |
| 11:59 | Build | House |
| 11:59 | Build | House |
| 11:59 | Build | House |
| 11:59 | Build | House |
| 11:59 | Build | House |
| 12:00 | Build | House |
| 12:00 | Build | House |
| 12:00 | Build | House |
| 12:00 | Build | House |
| 12:03 | Create | Villager (Male) |
| 12:03 | Create | Villager (Male) |
| 12:12 | Create | Villager (Male) |
| 12:12 | Create | Villager (Male) |
| 12:12 | Create | Villager (Male) |
| 12:12 | Create | Villager (Male) |
| 12:24 | Build | Farm |
| 12:25 | Build | Farm |
| 12:25 | Build | Farm |
| 12:25 | Build | Farm |
| 12:25 | Build | Farm |
| 12:25 | Build | Farm |
| 12:26 | Build | Farm |
| 12:30 | Create | Villager (Male) |
| 12:31 | Create | Villager (Male) |
Build order — tim.gronquist
First 150 of 926 actions detected
| 0:02 | Create | Villager (Male) |
| 0:02 | Create | Villager (Male) |
| 0:02 | Create | Villager (Male) |
| 0:03 | Create | Villager (Male) |
| 0:13 | Research | Double-Bit Axe |
| 0:16 | Create | Villager (Male) |
| 0:37 | Build | Market |
| 0:40 | Build | Blacksmith |
| 1:02 | Create | Villager (Male) |
| 1:08 | Build | House |
| 1:53 | Research | Castle Age |
| 2:11 | Build | Mining Camp |
| 4:05 | Build | House |
| 4:05 | Build | House |
| 4:05 | Build | House |
| 4:06 | Build | House |
| 4:06 | Build | House |
| 4:06 | Build | House |
| 4:06 | Build | House |
| 4:07 | Build | House |
| 4:07 | Build | House |
| 4:07 | Build | House |
| 4:10 | Build | House |
| 4:10 | Build | House |
| 4:10 | Build | House |
| 4:10 | Build | House |
| 4:11 | Build | House |
| 4:11 | Build | House |
| 4:25 | Build | Farm |
| 4:33 | Age | Castle Age |
| 4:35 | Build | Town Center |
| 4:39 | Build | Town Center |
| 4:44 | Research | Bow Saw |
| 4:44 | Research | Bow Saw |
| 4:46 | Create | Villager (Male) |
| 4:47 | Create | Villager (Male) |
| 4:47 | Create | Villager (Male) |
| 4:48 | Create | Villager (Male) |
| 4:52 | Build | Farm |
| 4:58 | Create | Villager (Male) |
| 5:05 | Research | Horse Collar |
| 5:52 | Create | Villager (Male) |
| 5:52 | Create | Villager (Male) |
| 5:53 | Create | Villager (Male) |
| 5:54 | Create | Villager (Male) |
| 5:57 | Build | Farm |
| 5:59 | Build | Farm |
| 6:01 | Build | Farm |
| 6:15 | Build | Lumber Camp |
| 6:19 | Create | Villager (Male) ×5 |
| 6:22 | Build | Farm |
| 6:57 | Create | Villager (Male) |
| 6:57 | Create | Villager (Male) |
| 6:57 | Create | Villager (Male) |
| 7:16 | Build | Town Center |
| 7:23 | Build | Farm |
| 7:28 | Build | Farm |
| 7:35 | Build | Farm |
| 7:50 | Build | Farm |
| 7:58 | Research | Wheelbarrow |
| 8:04 | Research | Stone Mining |
| 8:05 | Research | Stone Mining |
| 8:08 | Build | Farm |
| 8:17 | Create | Villager (Male) ×3 |
| 9:03 | Build | House |
| 9:03 | Build | House |
| 9:03 | Build | House |
| 9:04 | Build | House |
| 9:06 | Create | Villager (Male) ×4 |
| 9:17 | Create | Villager (Male) |
| 9:21 | Build | Farm |
| 9:24 | Build | Farm |
| 9:32 | Create | Villager (Male) ×2 |
| 9:39 | Build | Farm |
| 9:43 | Create | Villager (Male) |
| 9:45 | Create | Villager (Male) |
| 9:55 | Build | Farm |
| 9:57 | Create | Villager (Male) |
| 9:59 | Create | Villager (Male) |
| 10:03 | Build | House |
| 10:04 | Build | House |
| 10:04 | Build | House |
| 10:22 | Build | Monastery |
| 10:28 | Create | Villager (Male) ×4 |
| 10:35 | Build | Farm |
| 10:40 | Build | Farm |
| 10:43 | Build | Farm |
| 10:46 | Build | Farm |
| 10:48 | Build | Farm |
| 10:51 | Create | Villager (Male) ×3 |
| 10:56 | Build | Farm |
| 11:02 | Build | Farm |
| 11:05 | Create | Villager (Male) ×2 |
| 11:11 | Build | Town Center |
| 11:14 | Create | Villager (Male) ×2 |
| 11:27 | Build | Mining Camp |
| 11:46 | Create | Villager (Male) ×5 |
| 11:48 | Create | Villager (Male) ×2 |
| 11:51 | Create | Monk |
| 11:54 | Build | Farm |
| 12:10 | Build | Town Center |
| 12:17 | Create | Villager (Male) ×5 |
| 12:21 | Build | Farm |
| 12:24 | Build | Farm |
| 12:24 | Build | Farm |
| 12:28 | Build | Farm |
| 12:28 | Build | Farm |
| 12:29 | Build | Farm |
| 12:31 | Build | Farm |
| 12:36 | Build | Farm |
| 12:37 | Build | Farm |
| 12:37 | Build | Farm |
| 12:37 | Build | Farm |
| 12:39 | Create | Villager (Male) ×5 |
| 12:43 | Build | Farm |
| 12:49 | Build | Farm |
| 12:56 | Create | Villager (Male) ×4 |
| 13:00 | Build | Farm |
| 13:30 | Build | Dock |
| 13:36 | Build | Barracks |
| 13:44 | Research | Hand Cart |
| 13:44 | Create | Villager (Male) ×5 |
| 13:44 | Create | Villager (Male) ×5 |
| 13:48 | Build | Farm |
| 13:52 | Create | Villager (Male) ×2 |
| 13:53 | Build | Lumber Camp |
| 13:57 | Build | Farm |
| 14:00 | Build | Farm |
| 14:14 | Build | House |
| 14:14 | Build | House |
| 14:14 | Build | House |
| 14:15 | Build | House |
| 14:16 | Build | House |
| 14:16 | Build | House |
| 14:16 | Build | House |
| 14:17 | Build | House |
| 14:17 | Build | House |
| 14:31 | Research | Town Watch |
| 14:32 | Create | Villager (Male) ×5 |
| 14:40 | Create | Villager (Male) ×5 |
| 14:48 | Build | Town Center |
| 14:53 | Build | Mining Camp |
| 15:02 | Research | Padded Archer Armor |
| 15:02 | Research | Forging |
| 15:03 | Research | Forging |
| 15:03 | Research | Scale Mail Armor |
| 15:04 | Research | Scale Barding Armor |
| 15:06 | Create | Villager (Male) ×3 |
| 15:38 | Build | Market |
| 15:39 | Build | Market |
Match timeline
| 0:24 | KABUSS · first_building Dock |
| 1:12 | KABUSS · first_building Stable |
| 1:44 | SuBZero · first_market_sell 100 stone |
| 1:49 | tim.gronquist · first_market_sell 100 wood |
| 1:56 | 0014 · first_market_sell 100 wood |
| 2:44 | muhend1sbey · first_building Dock |
| 3:42 | tuan4444 · first_building Dock |
| 4:24 | 0014 · age_up castle |
| 4:29 | SuBZero · age_up castle |
| 4:33 | tim.gronquist · age_up castle |
| 4:53 | 0014 · first_building Monastery |
| 5:27 | KABUSS · age_up castle |
| 5:34 | kizilviran · wall_segment Stone Wall x27 |
| 5:54 | Gargamamelle · first_building Dock |
| 5:56 | kizilviran · wall_segment Stone Wall x25 |
| 6:24 | kizilviran · first_building Dock |
| 7:10 | SuBZero · first_building Dock |
| 7:17 | Gargamamelle · age_up castle |
| 7:45 | kizilviran · age_up castle |
| 7:46 | Gargamamelle · first_building Monastery |
| 7:50 | tuan4444 · age_up castle |
| 7:58 | kizilviran · wall_segment Stone Wall x16 |
| 8:04 | tuan4444 · first_building Monastery |
| 8:44 | Gargamamelle · first_market_buy 100 food |
| 9:02 | muhend1sbey · age_up castle |
| 9:41 | kizilviran · first_market_buy 100 wood |
| 10:22 | tim.gronquist · first_building Monastery |
| 11:43 | kizilviran · wall_segment Stone Wall x47 |
| 12:24 | Gargamamelle · age_up imperial |
| 12:48 | kizilviran · first_building Stable |
| 13:30 | tim.gronquist · first_building Dock |
| 13:36 | tim.gronquist · first_building Barracks |
| 13:57 | kizilviran · first_building Monastery |
| 14:01 | SuBZero · first_building Monastery |
| 14:08 | SuBZero · first_building Castle |
| 14:21 | 0014 · first_building Castle |
| 14:42 | kizilviran · wall_segment Stone Wall x27 |
| 16:06 | KABUSS · first_building Monastery |
| 17:10 | tuan4444 · first_building Castle |
| 17:57 | muhend1sbey · first_building Castle |
| 18:05 | tuan4444 · first_building Archery Range |
| 18:31 | tim.gronquist · first_building Castle |
| 18:39 | KABUSS · first_building Castle |
| 19:21 | muhend1sbey · first_building Stable |
| 19:32 | SuBZero · age_up imperial |
| 19:41 | Gargamamelle · first_market_sell 500 wood |
| 20:05 | tuan4444 · age_up imperial |
| 20:09 | 0014 · age_up imperial |
| 20:15 | tim.gronquist · age_up imperial |
| 20:49 | SuBZero · first_building Barracks |
| 21:58 | kizilviran · first_building Castle |
| 22:20 | tuan4444 · first_building Barracks |
| 22:26 | SuBZero · wall_segment Stone Wall x9 |
| 22:30 | Gargamamelle · first_building Castle |
| 22:50 | SuBZero · wall_segment Stone Wall x61 |
| 23:40 | 0014 · first_building Dock |
| 23:44 | KABUSS · age_up imperial |
| 24:05 | kizilviran · first_building Barracks |
| 24:10 | kizilviran · first_building Archery Range |
| 24:22 | muhend1sbey · age_up imperial |
| 25:58 | tuan4444 · first_building Stable |
| 26:36 | kizilviran · first_building Siege Workshop |
| 28:06 | Gargamamelle · first_building Barracks |
| 28:12 | Gargamamelle · first_building Archery Range |
| 29:27 | tuan4444 · first_market_buy 500 wood |
| 30:03 | KABUSS · first_building Archery Range |
| 30:27 | SuBZero · wall_segment Stone Wall x1 |
| 30:30 | kizilviran · age_up imperial |
| 32:04 | SuBZero · first_building Archery Range |
| 33:00 | KABUSS · first_building Siege Workshop |
| 35:00 | tuan4444 · first_building Siege Workshop |
| 37:46 | 0014 · tribute_sent a jugador 1 |
| 37:46 | 0014 · tribute_sent a jugador 2 |
| 37:46 | 0014 · tribute_sent a jugador 4 |
| 37:46 | 0014 · tribute_sent a jugador 5 |
| 37:46 | 0014 · tribute_sent a jugador 6 |
| 37:46 | 0014 · tribute_sent a jugador 7 |
| 37:46 | 0014 · tribute_sent a jugador 8 |
| 41:38 | SuBZero · wall_segment Palisade Wall x1 |
| 41:43 | SuBZero · wall_segment Palisade Wall x1 |
| 44:56 | tim.gronquist · first_building Stable |
| 50:35 | 0014 · first_building Stable |
| 51:15 | 0014 · first_building Archery Range |
| 61:48 | 0014 · first_building Siege Workshop |
| 70:53 | muhend1sbey · first_building Siege Workshop |
| 73:34 | kizilviran · first_market_sell 500 food |
| 74:57 | KABUSS · tribute_sent a jugador 1 |
| 74:57 | KABUSS · tribute_sent a jugador 2 |
| 74:57 | KABUSS · tribute_sent a jugador 3 |
| 74:57 | KABUSS · tribute_sent a jugador 5 |
| 74:57 | KABUSS · tribute_sent a jugador 6 |
| 74:57 | KABUSS · tribute_sent a jugador 7 |
| 74:57 | KABUSS · tribute_sent a jugador 8 |
| 82:49 | tim.gronquist · tribute_sent a jugador 1 |
| 82:49 | tim.gronquist · tribute_sent a jugador 2 |
| 82:49 | tim.gronquist · tribute_sent a jugador 3 |
| 82:49 | tim.gronquist · tribute_sent a jugador 4 |
| 82:49 | tim.gronquist · tribute_sent a jugador 5 |
| 82:49 | tim.gronquist · tribute_sent a jugador 6 |
| 82:49 | tim.gronquist · tribute_sent a jugador 7 |
| 83:12 | tim.gronquist · tribute_sent a jugador 1 |
| 83:12 | tim.gronquist · tribute_sent a jugador 2 |
| 83:12 | tim.gronquist · tribute_sent a jugador 3 |
| 83:12 | tim.gronquist · tribute_sent a jugador 4 |
| 83:12 | tim.gronquist · tribute_sent a jugador 5 |
| 83:12 | tim.gronquist · tribute_sent a jugador 6 |
| 83:12 | tim.gronquist · tribute_sent a jugador 7 |
| 83:33 | tim.gronquist · tribute_sent a jugador 1 |
| 83:33 | tim.gronquist · tribute_sent a jugador 2 |
| 83:33 | tim.gronquist · tribute_sent a jugador 3 |
| 83:33 | tim.gronquist · tribute_sent a jugador 4 |
| 83:33 | tim.gronquist · tribute_sent a jugador 5 |
| 83:33 | tim.gronquist · tribute_sent a jugador 6 |
| 83:33 | tim.gronquist · tribute_sent a jugador 7 |
| 96:45 | tuan4444 · resign |
[ AI ANALYSIS · 1 CREDIT ]
What really happened in this match?
Wolo.gg analyzes every decision: build order, eco, micro, common mistakes by bracket. Personalized analysis on WhatsApp or Discord in 30 seconds.
Civ guide
Persians
Perfil
Jugador #6132249